 Dungeon Crawl Stone Soup version 0.30-a0-358-g0d69a1922f (webtiles) character file.

Game seed: 2951473854205574466

110 DeathPants the Chopper (level 4, -3/41 HPs)
             Began as a Minotaur Monk on Nov 9, 2022.
             Slain by an orc
             ... wielding a +0 whip of electrocution
              (16 damage)
             ... on level 3 of the Dungeon.
             The game lasted 00:06:03 (1979 turns).

DeathPants the Chopper (Minotaur Monk)              Turns: 1979, Time: 00:06:04

Health: -3/41      AC:  9    Str: 18    XL:     4   Next: 61%
Magic:  3/3        EV:  8    Int:  7    God:
Gold:   144        SH:  0    Dex: 12    Spells: 3/3 levels left

rFire   + . .      SeeInvis .    a - +0 hand axe
rCold   . . .      Faith    .    (no shield)
rNeg    . . .      Spirit   .    j - +0 chain mail
rPois   .          Reflect  .    (helmet restricted)
rElec   .          Harm     .    (no cloak)
rCorr   .          Rampage  .    e - +0 pair of gloves
Will    .....                    (no boots)
Stlth   ..........               (no amulet)
HPRegen 0.26/turn                b - ring of protection from fire
MPRegen 0.08/turn                (no ring)

@: no status effects
A: horns 2, retaliatory headbutt
a: no special abilities


You were on level 3 of the Dungeon.
You visited 1 branch of the dungeon, and saw 3 of its levels.

You collected 144 gold pieces.

Inventory:

Hand Weapons
 a - a +0 hand axe (weapon)
Armour
 e - a +0 pair of gloves (worn)
 j - a +0 chain mail (worn)
Jewellery
 b - a ring of protection from fire (left hand)
Scrolls
 d - a scroll of fear
 f - a scroll of enchant weapon
 h - 2 scrolls of teleportation
Potions
 c - a potion of ambrosia
 g - 2 potions of curing
 i - 2 potions of haste


   Skills:
 + Level 4.3 Fighting
 * Level 5.0 Axes
 + Level 2.1 Armour
 + Level 4.0 Dodging
 - Level 1.5 Stealth


You had 3 spell levels left.
You didn't know any spells.
Your spell library contained the following spells:

 Spells                   Type           Power      Damage    Failure   Level
 Sting                    Tmut/Pois      0%         1d3       100%        1
 Summon Small Mammal      Summ           0%         N/A       100%        1
 Poisonous Vapours        Pois/Air       0%         N/A       100%        2
 Sublimation of Blood     Necr           0%         N/A       100%        2
 Wereblood                Tmut           0%         N/A       100%        2
 Call Canine Familiar     Summ           0%         N/A       100%        3
 Summon Guardian Golem    Hex/Summ       0%         N/A       100%        3
 Olgreb's Toxic Radiance  Pois           0%         N/A       100%        4
 Summon Hydra             Summ           0%         N/A       100%        7


Dungeon Overview and Level Annotations

Branches:
Dungeon (3/15)

Altars:
Ru


Innate Abilities, Weirdness & Mutations

You have a pair of horns on your head.
You reflexively headbutt those who attack you in melee.


Message History

Press: ? - help, Q - select action Shift-Dir - straight line, f - orc, p - orc
Aim: an orc, wielding a +0 hand axe (59% to hit)
You throw a poisoned dart. The poisoned dart hits the orc.
You kill the orc!
You barely miss the orc. The orc hits you but does no damage.
You slash the orc!
You kill the orc!
You hit the orc. You headbutt the orc.
You kill the orc!
You hit something. Something hits you but does no damage.
You closely miss something. Something hits you but does no damage.
You closely miss something.
You hear some strange, mumbled words.
A puff of flame appears from out of thin air!
The puff of flame hits you. You resist.
You hit something. Something hits you but does no damage.
You hit something but do no damage. Something hits you but does no damage.
You hit something. Something hits you but does no damage.
You closely miss something. Your headbutt misses something. Something hits you.
You slash something!
Reactivating autopickup.
You feel a bit more experienced.
Your Axes skill increases to level 5!
Your Armour skill increases to level 2!
Your Dodging skill increases to level 4!
You barely miss the orc. The orc hits you but does no damage.
You hit the orc but do no damage. Your headbutt misses the orc.
The orc closely misses you.
You hit the orc. You headbutt the orc, but do no damage.
The orc is severely wounded.
The orc hits you with a +0 whip of electrocution.
You hit the orc but do no damage.
The orc is severely wounded.
The orc hits you but does no damage. x2; You are electrocuted!
You hit the orc.
The orc is almost dead.
The orc hits you with a +0 whip of electrocution.
You hit the orc but do no damage.
The orc is almost dead.
The orc hits you but does no damage.
You are electrocuted!
You die...

#.......# #.# #.##.# #
#####.##########.# #.##.# #
#.# #......#.## #.##.###
#.# #.####....## #.......
#.###)####.....####
####.###
#.................#######.#
#####.####.#.####.........#
#.# #.#.# ###########
#.####.#@# #......#o#
########)# #.. .(. ..(.
#(.. .....


You could see an orc.

Vanquished Creatures
  An orc wizard (D:3)
  2 adders
  A worm (D:3)
  3 dart slugs
  8 orcs (D:3)
  A ball python (D:2)
  2 bats
  2 endoplasms
  A giant cockroach (D:2)
  4 goblins
  3 hobgoblins
  8 jackals
  3 kobolds
  2 quokkas
  A frilled lizard (D:1)
  3 rats
45 creatures vanquished.

Vanquished Creatures (others)
  4 plants (D:2)
4 creatures vanquished.

Grand Total: 49 creatures vanquished

Notes
Turn   | Place    | Note
-------+----------+-------------------------------------------
     0 | D:1      | DeathPants the Minotaur Monk began the quest for the Orb.
     0 | D:1      | Reached XP level 1. HP: 19/19 MP: 0/0
    38 | D:2      | Found a sacrificial altar of Ru.
   657 | D:1      | Found a faded altar of an unknown god.
   705 | D:2      | Reached XP level 2. HP: 27/27 MP: 1/1
   738 | D:2      | Reached skill level 4 in Axes
   869 | D:3      | Reached skill level 1 in Armour
   925 | D:2      | Reached XP level 3. HP: 31/33 MP: 2/2
  1715 | D:3      | Reached XP level 4. HP: 40/40 MP: 3/3
  1974 | D:3      | Reached skill level 5 in Axes
  1979 | D:3      | Slain by an orc

Illustrated notes

Levels and vault maps discovered:
D:1:      matt_arrival_diagonals, layout_basic,
          shapermc_ecumenical_altar_mp_vishouse, serial_corexii_hall,
          chequers_hall_statues_y, corexii_hall_statues_deadend
D:2:      layout_basic, serial_forest, infiniplex_forest_clump_long,
          infiniplex_forest_end_double, infiniplex_forest_fountain,
          infiniplex_forest_straight_2, infiniplex_forest_end_double,
          infiniplex_forest_clump_diagonal, basic_altar
D:3:      layout_loops_corners, mainiacjoe_overflow_alcove_1, uniq_jessica

Skill      XL: |  1  2  3  4 |
---------------+-------------+-----
Axes           | 4 5 |  5.0
Armour         | 1 2 |  2.1
Fighting       | 4 |  4.3
Dodging        | 4 |  4.0
Stealth        | |  1.5

Action                   |  1- 3 |  4- 6 || total
-------------------------+-------+-------++-------
Melee: Hand axe          |    71 |    35 ||   106
       Headbutt          |     9 |     6 ||    15
       Punch             |     1 |       ||     1
Throw: Dart              |       |     4 ||     4
  Use: Scroll            |     5 |     1 ||     6
 Stab: Sleeping          |     4 |       ||     4
Armor: Robe              |     6 |       ||     6
       Leather armour    |    16 |       ||    16
       Chain mail        |     3 |    17 ||    20
Dodge: Dodged            |    59 |     4 ||    63

Table legend: (Time is in decaauts)
 A = Elapsed time spent in this place.
 B = Non-inter-level travel time spent in this place.
 C = Inter-level travel time spent in this place.
 D = Time resting spent in this place.
 E = Time spent auto-exploring this place.
 F = Levels seen in this place.
 G = Mean time per level.
                   A        B        C        D        E       F      G
               +--------+--------+--------+--------+--------+-----+--------+
         Total |   1989 |   1945 |     44 |      0 |   1424 |   3 |  663.0 |
       Dungeon |   1989 |   1945 |     44 |      0 |   1424 |   3 |  663.0 |
               +--------+--------+--------+--------+--------+-----+--------+

Top non-repeatable levels by time:
     D:2: 751 daAuts
     D:1: 685 daAuts
     D:3: 551 daAuts
